 Dungeon Crawl Stone Soup version 0.30-a0-986-g7f2e898f52 (webtiles) character file.

Game seed: 8896311137727318695

21437 bande the Cleaver (level 12, 0/76 HPs)
             Began as a Gargoyle Fighter on Apr 2, 2023.
             Was a High Priest of Okawaru.
             Slain by a black mamba (6 damage)
             ... on level 5 of the Lair of Beasts.
             The game lasted 00:25:55 (18156 turns).

bande the Cleaver (Gargoyle Fighter)               Turns: 18156, Time: 00:25:56

Health: 0/76       AC: 33    Str: 19    XL:     12   Next: 90%
Magic:  18/18      EV: 11    Int: 14    God:    Okawaru [*****.]
Gold:   986        SH:  6    Dex: 13    Spells: 11/11 levels left

rFire   . . .      SeeInvis .    n - +3 broad axe (heavy)
rCold   . . .      Faith    .    c - +0 buckler
rNeg    + . .      Spirit   .    u - +0 plate armour
rPois   ∞          Reflect  .    R - +1 helmet {Int+3}
rElec   +          Rampage  .    (no cloak)
rCorr   .                        F - +0 pair of gloves
Will    .....                    p - +1 pair of boots Stlth
                                 (no amulet)
HPRegen 0.32/turn                q - +5 ring of evasion
MPRegen 0.16/turn                w - +4 ring of protection

@: no status effects
A: sickness immunity, AC +8, negative energy resistance 1, electricity
resistance, torment resistance 1, petrification resistance
a: Renounce Religion, Heroism, Finesse, Duel


You were on level 5 of the Lair of Beasts.
You worshipped Okawaru.
Okawaru was extremely pleased with you.
You visited 3 branches of the dungeon, and saw 15 of its levels.
You also visited: Ossuary.

You collected 986 gold pieces.

Inventory:

Hand Weapons
 a - a +1 war axe of freezing
 n - a +3 heavy broad axe (weapon)
 D - a +3 flail
Missiles
 H - 2 throwing nets (quivered)
Armour
 c - a +0 buckler (worn)
 o - the +6 scale mail of the Clam {Drain Str+3 Int+3 Dex+2}
   (You found it on level 4 of the Dungeon)

   Str:       It affects your strength (+3).
   Int:       It affects your intelligence (+3).
   Dex:       It affects your dexterity (+2).
   Drain:     It drains your maximum health when unequipped.
 p - a +1 pair of boots (worn)
 u - a +0 plate armour (worn)
 F - a +0 pair of gloves (worn)
 L - a +0 chain mail of cold resistance
 R - a +1 helmet of intelligence (worn)
Jewellery
 k - an amulet of the acrobat
 l - a ring of see invisible
 q - a +5 ring of evasion (left hand)
 v - a ring of fire
 w - a +4 ring of protection (right hand)
 M - a ring of fire
 N - a ring of willpower
Wands
 y - a wand of roots (15)
 G - a wand of quicksilver (4)
 K - a wand of mindburst (12)
 Q - a wand of digging (5)
Scrolls
 g - 7 scrolls of poison
 h - 7 scrolls of identify
 m - 7 scrolls of fear
 t - 3 scrolls of fog
 x - 4 scrolls of teleportation
 B - a scroll of blinking
 C - 3 scrolls of magic mapping
 E - 2 scrolls of enchant weapon
Potions
 b - a potion of magic
 d - a potion of might
 e - 7 potions of heal wounds
 f - a potion of invisibility
 i - 4 potions of mutation
 j - 6 potions of haste
 r - a potion of cancellation
 s - 5 potions of brilliance
 z - 7 potions of curing
 A - 2 potions of ambrosia
 I - 3 potions of flight
 P - a potion of berserk rage
Miscellaneous
 J - a phial of floods


   Skills:
 + Level 9.2 Fighting
 + Level 12.2 Axes
 + Level 10.0 Armour
 - Level 0.4 Stealth
 + Level 7.4 Shields
 * Level 9.1 Invocations
 * Level 5.6 Evocations


You had 11 spell levels left.
You didn't know any spells.
Your spell library contained the following spells:

 Spells                   Type           Power      Damage    Failure   Level
 Freeze                   Ice            0%         1d3       100%        1
 Kiss of Death            Conj/Necr      0%         2d5       100%        1
 Ensorcelled Hibernation  Hex/Ice        0%         N/A       100%        2
 Static Discharge         Conj/Air       0%         2-2/arc   100%        2
 Confusing Touch          Hex            0%         N/A       100%        3
 Frozen Ramparts          Ice            0%         1d1       100%        3
 Hailstorm                Conj/Ice       0%         3d3       100%        3
 Inner Flame              Hex/Fire       0%         N/A       100%        3
 Ozocubu's Armour         Ice            0%         N/A       100%        3
 Portal Projectile        Hex/Tloc       0%         N/A       100%        3
 Spider Form              Tmut/Pois      0%         N/A       100%        3
 Vhi's Electric Charge    Tloc/Air       0%         N/A       100%        3
 Anguish                  Hex/Necr       0%         N/A       100%        4
 Cause Fear               Hex            0%         N/A       100%        4
 Dispel Undead            Necr           0%         3d6       100%        4
 Leda's Liquefaction      Hex/Erth       0%         N/A       100%        4
 Arcjolt                  Conj/Air       0%         1d10      100%        5
 Metabolic Englaciation   Hex/Ice        0%         N/A       100%        5
 Plasma Beam              Fire/Air       0%         2x1d7     100%        5
 Discord                  Hex            0%         N/A       100%        8
 Call Canine Familiar     Summ           Unusable   N/A       N/A         3
 Simulacrum               Ice/Necr       Unusable   N/A       N/A         6

Dungeon Overview and Level Annotations

Branches:
Dungeon (9/15)             Temple (1/1) D:5            Lair (5/5) D:8
  Swamp (0/4) Lair:2       Spider (0/4) Lair:3        Slime (0/5) Lair:4
Ossuary (visited)
    Orc: D:9-12

Altars:
Ashenzari
Cheibriados
Dithmenos
Elyvilon
Fedhas
Gozag
Hepliaklqana
Kikubaaqudgha
Makhleb
Nemelex Xobeh
Okawaru
Sif Muna
Uskayaw
Vehumet
Wu Jian
Xom
The Shining One
Jiyva

Shops:
D:2 [   D:9 ?

Annotations:
D:3 2 transporters
Lair:2 exclusion: orange crystal statue
Lair:4 exclusion: 3 oklob plants


Innate Abilities, Weirdness & Mutations

You are immune to sickness and miasma.
Your stone body is resilient. (AC +8)
You are immune to poison.
You resist negative energy. (rN+)
You are resistant to electric shocks. (rElec)
You are resistant to unholy torment.
You are immune to petrification.


Message History

You block the black mamba's attack. You block the cane toad's attack.
The blink frog blinks!
The wolf closely misses you.
You hit the wolf but do no damage.
The wolf is almost dead.
You slash the polar bear! You slice the black mamba!! You slash the cane toad!
You block the black mamba's attack. The wolf closely misses you.
The cane toad stings you! The black mamba misses you. The polar bear bites you!
The polar bear misses you. You block the polar bear's attack.
The wolf bites you but does no damage. The cane toad stings you!
* * * LOW HITPOINT WARNING * * *
The black mamba barely misses you. The polar bear bites you.
* * * LOW HITPOINT WARNING * * *
The polar bear closely misses you. The polar bear misses you.
You closely miss the wolf.
The wolf is almost dead.
You closely miss the polar bear. You hit the black mamba.
You slash the cane toad!
You kill the cane toad!
Okawaru accepts your kill. The wolf misses you.
The black mamba bites you but does no damage.
You block the wolf's attack. The black mamba closely misses you.
The polar bear closely misses you. The polar bear barely misses you.
The polar bear claws you but does no damage.
You block the wolf's attack. The black mamba barely misses you.
The polar bear bites you.
* * * LOW HITPOINT WARNING * * *
The polar bear claws you but does no damage.
The polar bear barely misses you.
You closely miss the wolf.
The wolf is almost dead.
You slice the polar bear!!
You kill the polar bear!
Okawaru accepts your kill.
You closely miss the black mamba. The black mamba bites you.
* * * LOW HITPOINT WARNING * * *
The wolf bites you but does no damage.
The black mamba bites you but does no damage.
The wolf closely misses you. The black mamba bites you.
You die...

P#...........#
#..
#...........#
....# ##.
##..........#
....# #..
####.......##
....# . ##(
#........#
....#.. #..
#.........#
...... ##.
.........[##F..#
# #.
....#....!.hS#
#.#.
...#......@#...#
##...
...........†.###
#....
............#
#....
P#............
..P...
#.............
......
##..............
.....
##.............
P..P#
##.....#......
####


You could see a black mamba, a blink frog and a wolf.

Vanquished Creatures
  3 hydras
  Amaemon (D:7)
  An ugly thing (D:9)
  A wolf spider (Lair:4)
  A black mamba (Lair:4)
  12 elephants
  An orange demon (D:8)
  A rime drake (Lair:1)
  A gargoyle (D:9)
  7 cane toads
  2 komodo dragons
  A troll (D:9)
  4 polar bears
  A hornet (D:7)
  5 dream sheep (Lair:4)
  Prince Ribbit (D:7)
  5 blink frogs (Lair:3)
  13 yaks
  4 wyverns
  A basilisk (Lair:3)
  A redback (Lair:3)
  3 steam dragons
  11 water moccasins
  A black bear (D:7)
  An orc warrior (D:6)
  An ice beast (D:5)
  An ogre (D:4)
  11 wolves
  4 centaurs
  2 phantoms (D:6)
  A kobold brigand (D:8)
  7 bullfrogs
  2 scorpions
  7 wights
  A water moccasin zombie (Ossuary)
  An orc priest (D:5)
  4 jellies
  A sleepcap (D:7)
  A gnoll bouda (D:8)
  2 hounds
  3 iguanas
  3 orc wizards
  2 mummies (Ossuary)
  6 gnolls
  5 adders
  2 adder zombies (Ossuary)
  2 worms
  3 dart slugs
  19 orcs
  4 bats
  12 endoplasms
  A giant cockroach (D:3)
  4 gnoll zombies (Ossuary)
  5 hobgoblins
  3 quokkas
  5 ball pythons
  2 frilled lizards
  6 goblins
  6 hobgoblin zombies (Ossuary)
  13 kobolds
  5 kobold zombies (Ossuary)
  4 orc zombies (Ossuary)
  A rat (D:1)
245 creatures vanquished.

Vanquished Creatures (others)
  A wight (D:9)
  An orc priest (D:8)
  An orc (D:8)
  14 fungi
  8 plants
25 creatures vanquished.

Grand Total: 270 creatures vanquished

Notes
Turn   | Place    | Note
-------+----------+-------------------------------------------
     0 | D:1      | bande the Gargoyle Fighter began the quest for the Orb.
     0 | D:1      | Reached XP level 1. HP: 14/14 MP: 1/1
   584 | D:1      | Reached XP level 2. HP: 18/19 MP: 2/2
   659 | D:1      | Found a faded altar of an unknown god.
   670 | D:1      | Reached skill level 2 in Axes
   955 | D:2      | Reached XP level 3. HP: 24/24 MP: 3/3
   982 | D:2      | Found Firemext's Armour Boutique.
  1313 | D:2      | Reached XP level 4. HP: 28/29 MP: 4/4
  1977 | D:3      | Reached skill level 3 in Axes
  2076 | D:3      | Found a transporter.
  2258 | D:3      | Found a transporter.
  2699 | D:4      | Reached XP level 5. HP: 28/33 MP: 5/5
  2723 | D:4      | Found a hazy altar of Hepliaklqana.
  2730 | D:4      | Found a burning altar of Makhleb.
  2738 | D:4      | Found a shadowy altar of Dithmenos.
  2743 | D:4      | Found a hide-covered altar of Uskayaw.
  2750 | D:4      | Found a shimmering altar of Xom.
  2759 | D:4      | Found a broken altar of Ashenzari.
  2770 | D:4      | Found an opulent altar of Gozag.
  2797 | D:4      | Noticed an ogre
  2804 | D:4      | Killed an ogre
  2940 | D:4      | Found a sand-covered staircase.
  2950 | Ossuary  | Entered an ossuary
  2971 | Ossuary  | Reached skill level 4 in Axes
  2986 | Ossuary  | Reached XP level 6. HP: 33/38 MP: 6/6
  3576 | D:4      | Identified the +6 scale mail of the Clam {Drain Str+3 Int+3
                  | Dex+2}
  3813 | D:4      | Found a white marble altar of Elyvilon.
  3884 | D:4      | Reached skill level 5 in Axes
  3884 | D:4      | Reached XP level 7. HP: 44/44 MP: 7/7
  4070 | D:5      | Entered Level 5 of the Dungeon
  4322 | D:5      | Reached skill level 5 in Armour
  4450 | D:5      | Found a staircase to the Ecumenical Temple.
  4459 | Temple   | Entered the Ecumenical Temple
  4468 | Temple   | Became a worshipper of Warmaster Okawaru
  4763 | D:5      | Found an ornate altar of the Wu Jian Council.
  5042 | D:6      | Reached skill level 6 in Axes
  5042 | D:6      | Reached skill level 1 in Invocations
  5100 | D:6      | Reached XP level 8. HP: 46/48 MP: 7/9
  5242 | D:6      | Reached skill level 5 in Fighting
  5629 | D:7      | Reached * piety under Okawaru
  5912 | D:7      | Noticed Prince Ribbit
  5941 | D:7      | Killed Prince Ribbit
  5942 | D:7      | Reached skill level 7 in Axes
  6341 | D:7      | Noticed a hornet
  6350 | D:7      | Killed a hornet
  6558 | D:8      | Noticed a wyvern
  6565 | D:8      | Killed a wyvern
  6566 | D:8      | Reached XP level 9. HP: 47/54 MP: 11/11
  6717 | D:8      | Noticed Amaemon
  6717 | D:8      | Noticed an orange demon
  7490 | D:7      | Killed Amaemon
  7490 | D:7      | Reached ** piety under Okawaru
  7491 | D:7      | Reached skill level 8 in Axes
  7849 | D:7      | Reached skill level 5 in Shields
  7919 | D:8      | Killed an orange demon
  8009 | D:8      | Found a staircase to the Lair.
  8062 | D:8      | Reached skill level 5 in Invocations
  8222 | D:8      | Reached XP level 10. HP: 28/61 MP: 13/13
  8631 | D:8      | Found a radiant altar of Vehumet.
  8934 | D:9      | Reached *** piety under Okawaru
  8935 | D:9      | Reached skill level 9 in Axes
  9410 | D:9      | Found Lopnaceb's Magic Scroll Emporium.
  9425 | D:9      | Noticed a gargoyle
  9444 | D:9      | Killed a gargoyle
  9445 | D:9      | Reached skill level 1 in Evocations
  9620 | D:9      | Noticed a red ugly thing
  9637 | D:9      | Killed a red ugly thing
  9637 | D:9      | Reached **** piety under Okawaru
 10416 | Lair:1   | Entered Level 1 of the Lair of Beasts
 10858 | Lair:1   | Reached skill level 10 in Axes
 11254 | Lair:1   | Noticed a cane toad
 11259 | Lair:1   | Killed a cane toad
 11260 | Lair:1   | Reached XP level 11. HP: 57/67 MP: 15/15
 11458 | Lair:1   | Reached ***** piety under Okawaru
 12094 | Lair:1   | Identified the +2 lajatang of Causality {antimagic, Dex+5}
                  | (Okawaru gifted it to you on level 1 of the Lair of Beasts)
 12094 | Lair:1   | Received a gift from Okawaru
 12840 | Lair:2   | Found a staircase to the Swamp.
 13087 | Lair:2   | Noticed an orange crystal statue
 13105 | Lair:2   | Noticed a seven-headed hydra
 13720 | Lair:3   | Found a hole to the Spider Nest.
 14485 | Lair:3   | Reached skill level 11 in Axes
 15014 | Lair:4   | Found a viscous altar of Jiyva.
 15014 | Lair:4   | Noticed an oklob plant
 15014 | Lair:4   | Noticed an oklob plant
 15398 | Lair:4   | Noticed a six-headed hydra
 15414 | Lair:4   | Killed a six-headed hydra
 15795 | Lair:4   | Found a staircase to the Slime Pits.
 15795 | Lair:4   | Noticed an oklob plant
 15878 | Lair:4   | Noticed a wolf spider
 15886 | Lair:4   | Reached XP level 12. HP: 71/75 MP: 18/18
 15889 | Lair:4   | Received a gift from Okawaru
 16299 | Lair:5   | Entered Level 5 of the Lair of Beasts
 16409 | Lair:5   | Noticed a four-headed hydra
 16428 | Lair:5   | Killed a four-headed hydra
 16665 | Lair:5   | Identified a scroll of acquirement
 16665 | Lair:5   | Acquired a +3 heavy broad axe
 16722 | Lair:5   | Reached skill level 5 in Evocations
 17074 | Lair:5   | Noticed a five-headed hydra
 17080 | Lair:5   | Reached skill level 12 in Axes
 17442 | Lair:4   | Killed a five-headed hydra
 18094 | Lair:5   | Reached skill level 10 in Armour
 18156 | Lair:5   | Slain by a black mamba

Illustrated notes

Levels and vault maps discovered:
D:1:      nzn_arrival_water_spiral, layout_basic,
          shapermc_ecumenical_altar_flowoftime, dk_noncrumbling_4,
          serial_park_tiny_pond
D:2:      layout_basic, serial_shops, nicolae_shop_advertising_works
          [nicolae_subvault_shop_adworks], minmay_vboxes
D:3:      gammafunk_wand_slinger, layout_basic
D:4:      layout_basic, grunt_temple_overflow_octagram,
          mainiacjoe_overflow_cross_hatched, nicolae_ossuary_entry_monument,
          minmay_strange_pillars, minivault_5
D:5:      layout_basic, kennysheep_mini_moat, lemuel_temple_firewalk_b,
          hangedman_abyss_or_decor_slice, feat_on_display
D:6:      layout_basic, nicolae_benzene_ring, kennysheep_generic_room_3
D:7:      layout_basic, uniq_prince_ribbit1
D:8:      layout_cave_pools, nicolae_vehumet_radiance, lair_entry_dummy,
          serial_co_window_serial, co_window_of_opportunity_a,
          co_window_paths_a, co_window_corner_a, co_window_paths_a,
          co_window_corner_a, co_window_of_opportunity_a, co_window_paths_a,
          co_window_paths_b, co_window_paths_a, co_window_corner_b,
          co_window_corner_b, co_window_corner_b, co_window_of_opportunity_b,
          co_window_broadway_a, co_window_4corner_a, uniq_amaemon
D:9:      layout_cave_pods, serial_shops, shop
Temple:   nicolae_temple_bog_church
Lair:1:   layout_layer_cave
Lair:2:   layout_chaotic_city, swamp_mist, minivault_24, minivault_27,
          disabler_island, grunt_megastairs_4, infiniplex_staircase_pool,
          lemuel_fruit_fields
Lair:3:   layout_hall_layers, spider_nest_entry_webs, serial_bayou_shore_b
Lair:4:   layout_roguey, minmay_slime_entry_oklob_open,
          nicolae_lair_run_with_the_wolves
Lair:5:   hangedman_lair_in_review, layout_gridlike, lemuel_fruit_tree

Skill      XL: |  1  2  3  4  5  6  7  8  9 10 11 12 |
---------------+-------------------------------------+-----
Axes           | 2 3 4 5 6 7 8 10 11 12 | 12.2
Armour         | 4 5 6 7 9 10 | 10.0
Fighting       | 4 5 6 7 8 9 |  9.2
Shields        | 4 5 6 7 |  7.4
Invocations    | 1 3 5 6 8 9 |  9.1
Evocations     | 2 4 5 |  5.6
Stealth        | |  0.4

Action                     |  1- 3 |  4- 6 |  7- 9 | 10-12 || total
---------------------------+-------+-------+-------+-------++-------
  Melee: War axe           |   127 |   157 |   229 |   411 ||   924
         Flail             |       |       |       |    40 ||    40
         Broad axe         |       |       |       |    75 ||    75
 Invoke: Heroism           |       |       |       |     4 ||     4
    Use: Scroll            |     5 |    11 |     9 |     4 ||    29
         Potion            |       |       |     4 |     1 ||     5
 Armour: Scale mail        |    11 |       |       |       ||    11
         Chain mail        |    85 |    73 |       |       ||   158
         Plate armour      |       |     5 |   232 |   580 ||   817
  Dodge: Dodged            |    46 |    47 |   165 |   429 ||   687
  Block: Buckler           |    27 |    22 |    67 |   232 ||   348

Table legend: (Time is in decaauts)
 A = Elapsed time spent in this place.
 B = Non-inter-level travel time spent in this place.
 C = Inter-level travel time spent in this place.
 D = Time resting spent in this place.
 E = Time spent auto-exploring this place.
 F = Levels seen in this place.
 G = Mean time per level.
                   A        B        C        D        E       F      G
               +--------+--------+--------+--------+--------+-----+--------+
         Total |  18355 |  18071 |    284 |   5316 |   9735 |  16 | 1147.2 |
       Dungeon |  10592 |  10392 |    200 |   2515 |   6142 |   9 | 1176.9 |
        Temple |     22 |     22 |      0 |      0 |      1 |   1 |   22.0 |
          Lair |   7450 |   7366 |     84 |   2801 |   3427 |   5 | 1490.0 |
       Ossuary |    290 |    290 |      0 |      0 |    165 |   1 |  290.0 |
               +--------+--------+--------+--------+--------+-----+--------+

Top non-repeatable levels by time:
     D:7: 2167 daAuts
  Lair:4: 2025 daAuts
  Lair:1: 1836 daAuts
     D:8: 1612 daAuts
     D:9: 1370 daAuts
  Lair:3: 1353 daAuts
  Lair:5: 1172 daAuts
     D:4: 1147 daAuts
  Lair:2: 1061 daAuts
     D:1: 965 daAuts
     D:5: 903 daAuts
     D:2: 892 daAuts
     D:3: 884 daAuts
     D:6: 648 daAuts
 Ossuary: 290 daAuts
